 Dungeon Crawl Stone Soup version 0.31-a0-358-gac0dbeb3ab (webtiles) character file.

Game seed: 2540859393671843537

34761 Gelion the Mimic (level 13, -3/213 HPs)
             Began as a Troll Shapeshifter on July 25, 2023.
             Was a High Priest of Trog.
             Slain by a skyshark (10 damage)
             ... on level 4 of the Lair of Beasts.
             The game lasted 00:21:51 (12887 turns).

Gelion the Mimic (Troll Shapeshifter)              Turns: 12887, Time: 00:21:52

Health: -3/213     AC: 10    Str: 31    XL:     13   Next: 43%
Magic:  12/12      EV: 10    Int: 12    God:    Trog [*****.]
Gold:   1131       SH:  0    Dex: 12    Spells: 12/12 levels left

rFire   . .          .
                       - Unarmed
rCold   . . .        (shield currently unavailable)
rNeg    . . .        t - melded +2 robe {rF+}
rPois   .            (helmet currently unavailable)
rElec   .            f - melded +2 cloak
rCorr   +            (gloves unavailable)
SInv    .            (boots unavailable)
Will    .....        m - amulet of the acrobat Stlth
                     s - +6 ring of intelligence
HPRegen 1.35/turn    u - ring of resist corrosion
MPRegen 0.13/turn

%: acrobat
@: berserking, snake-form, very quick
A: constrict, boosted hp, large, unfitting armour, (claws 3), regeneration 1,
(shaggy fur 1), (tough skin 1), frail 1, (poison resistance)
a: Begin Untransformation, Renounce Religion, Berserk, Trog's Hand, Brothers in
Arms


You were on level 4 of the Lair of Beasts.
You worshipped Trog.
Trog was extremely pleased with you.
You were an enormous anaconda.
You visited 3 branches of the dungeon, and saw 16 of its levels.

You collected 1131 gold pieces.

Inventory:

Missiles
 g - 22 javelins
Armour
 f - a +2 cloak (melded)
 t - a +2 robe of fire resistance (melded)
Jewellery
 m - an amulet of the acrobat (around neck)
 s - a +6 ring of intelligence (left hand)
 u - a ring of resist corrosion (right hand)
Talismans
 e - a blade talisman
 p - a serpent talisman
Wands
 c - a wand of flame (4)
 k - a wand of digging (1)
 n - a wand of charming (15)
 o - a wand of polymorph (8)
 r - a wand of roots (28)
Scrolls
 a - 2 scrolls of fear
 h - a scroll of blinking
 j - 2 scrolls of identify
 q - 6 scrolls of teleportation
 v - a scroll of poison
 y - a scroll of fog
Potions
 b - 6 potions of lignification
 d - 3 potions of might
 i - 2 potions of enlightenment
 l - 8 potions of curing
 w - a potion of brilliance
 z - a potion of mutation


   Skills:
 + Level 10.0 Fighting
 - Level 1.5 Dodging
 + Level 12.2 Unarmed Combat
 * Level 14.2 Shapeshifting


You had 12 spell levels left.
You didn't know any spells.
Your spell library contained the following spells:

 Spells                   Type           Power      Damage    Failure   Level
 Kiss of Death            Conj/Necr      0%         2d5       32%         1
 Necrotise                Necr           0%         1d4       32%         1
 Confusing Touch          Hex            0%         N/A       69%         3
 Vampiric Draining        Necr           0%         2d6       69%         3
 Dispel Undead            Necr           0%         3d6       97%         4
 Agony                    Necr           0%         N/A       100%        5


Dungeon Overview and Level Annotations

Branches:
Dungeon (11/15)            Temple (1/1) D:5            Lair (4/5) D:10
  Swamp (0/4) Lair:2       Spider (0/4) Lair:2        Slime (0/5) Lair:4
    Orc (0/2) D:11

Altars:
Ashenzari
Cheibriados
Dithmenos
Elyvilon
Fedhas
Gozag
Hepliaklqana
Kikubaaqudgha
Makhleb
Nemelex Xobeh
Okawaru
Qazlal
Ru
Sif Muna
Trog
Uskayaw
Vehumet
Wu Jian
Xom
Yredelemnul
Zin
The Shining One
Jiyva

Shops:
D:1 [   D:3 *


Innate Abilities, Weirdness & Mutations

You are an enormous anaconda.
You have a powerful constriction melee attack.
Your maximum health is increased.
Your armour is entirely melded.
You are incapable of wielding weapons or throwing items.
You are too large for most types of armour.
((You have claws for hands.))
Your natural rate of healing is unusually fast.
((You are covered in fur. (AC +1)))
((You have tough skin. (AC +1)))
You are frail. (-10% HP)
((Your system is resistant to poisons. (rPois)))


Message History

The skyshark bites you!
* * * LOW HITPOINT WARNING * * *
The skyshark tail-slaps you but does no damage.
The skyshark closely misses you.
You lash the skyshark! Your grab misses the skyshark.
The skyshark is moderately wounded.
The skyshark bites you.
* * * LOW HITPOINT WARNING * * *
The skyshark closely misses you. The skyshark tail-slaps you.
* * * LOW HITPOINT WARNING * * *
Unknown command.
You feel much better. The skyshark bites you!
* * * LOW HITPOINT WARNING * * *
The skyshark tail-slaps you.
* * * LOW HITPOINT WARNING * * *
The skyshark tail-slaps you!
* * * LOW HITPOINT WARNING * * *
A red film seems to cover your vision as you go berserk!
You feel yourself moving faster!
You feel mighty! The skyshark bites you!!
* * * LOW HITPOINT WARNING * * *
The skyshark tail-slaps you but does no damage.
The skyshark closely misses you. The skyshark bites you.
* * * LOW HITPOINT WARNING * * *
The skyshark tail-slaps you but does no damage. x2
You closely miss the skyshark. You grab the skyshark.
The skyshark is moderately wounded.
You constrict the skyshark. The skyshark bites you.
* * * LOW HITPOINT WARNING * * *
The skyshark closely misses you. The skyshark tail-slaps you!
* * * LOW HITPOINT WARNING * * *
You body-slam the skyshark!!
The skyshark is heavily wounded.
You constrict the skyshark.
You body-slam the skyshark!!
The skyshark is severely wounded.
You constrict the skyshark.
You hear an angry hiss.
The skyshark bites you but does no damage.
The skyshark tail-slaps you!
You die...

##.##### #.#### ##
..##P#.######....#####.###
..........................
...........##.P#.........P
.##...#....##P.##.........
####.##.....#.............
...........#....##.......^
...........+....##.......#
......P....#....SlF.......
....###....##..###........
.#..# #....##### #.#...#..
............ #.#.>.# #
............ #.......
....... ....⌠.... .......
..###.... ...... .## #.#.
......


You could see a skyshark (berserk) and a cane toad.

Vanquished Creatures
  Fannar (Lair:3)
  2 ghost crabs (Lair:2)
  4 death yaks (Lair:4)
  4 catoblepae
  2 boulder beetles
  2 two-headed ogres
  Urug (Lair:3)
  Nergalle (D:10)
  Lodul (D:10)
  A lindwurm (Lair:2)
  An oklob plant (Lair:2)
  A black mamba (Lair:4)
  Joseph (D:9)
  5 cane toads
  A gargoyle (D:11)
  An unseen horror (D:11)
  2 rime drakes
  Psyche (D:10)
  A kobold demonologist (D:9)
  6 komodo dragons
  A meliai (Lair:2)
  A troll (D:11)
  15 blink frogs
  Prince Ribbit (D:6)
  2 hornets
  5 dream sheep (Lair:3)
  2 spectral black mambas (Lair:2)
  6 wyverns
  A shadow (D:10)
  23 yaks
  A vampire (D:11)
  Eustachio (D:5)
  3 basilisks
  2 vampire mosquitoes (D:10)
  A spectral cane toad (Lair:2)
  3 wargs (D:10)
  An acid dragon (D:11)
  10 water moccasins
  An orc warrior (D:11)
  2 sky beasts
  6 ice beasts
  7 ogres (D:10)
  A black bear (D:7)
  3 centaurs
  4 phantoms
  10 bullfrogs
  19 kobold brigands
  A spectral water moccasin (Lair:2)
  10 scorpions
  3 wights (D:9)
  13 killer bees
  A howler monkey (D:6)
  An electric eel (Lair:4)
  4 jellies
  8 orc priests
  A bullfrog skeleton (D:4)
  3 hounds
  3 iguanas
  2 sleepcaps
  Natasha (thrice) (D:2)
  4 orc wizards
  2 hound skeletons (D:4)
  Robin (D:2)
  A howler monkey skeleton (D:4)
  4 adders
  7 gnolls
  A shadow imp (D:7)
  3 white imps
  3 ufetubi
  An adder skeleton (D:4)
  2 dart slugs
  An adder simulacrum (D:4)
  17 orcs
  7 ball pythons
  A bat (D:1)
  6 endoplasms
  A giant cockroach (D:4)
  9 goblins
  7 hobgoblins
  8 jackals
  29 kobolds
  5 quokkas
  3 frilled lizards
  23 rats
370 creatures vanquished.

Notes
Turn   | Place    | Note
-------+----------+-------------------------------------------
     0 | D:1      | Gelion the Troll Shapeshifter began the quest for the Orb.
     0 | D:1      | Reached XP level 1. HP: 18/18 MP: 0/0
   113 | D:1      | Reached skill level 1 in Fighting
   162 | D:1      | Reached XP level 2. HP: 27/27 MP: 1/1
   284 | D:1      | Found Figheink's Antique Armour Shoppe.
   773 | D:2      | Reached XP level 3. HP: 33/33 MP: 2/2
   931 | D:2      | Noticed Natasha
   936 | D:2      | Killed Natasha
   965 | D:2      | Noticed Robin
   972 | D:2      | Reached XP level 4. HP: 24/41 MP: 3/3
   992 | D:2      | Killed Robin
  1205 | D:2      | Noticed Natasha
  1209 | D:2      | Killed Natasha
  1210 | D:2      | Reached skill level 4 in Shapeshifting
  1214 | D:2      | Found a faded altar of an unknown god.
  1530 | D:2      | Noticed Natasha
  1540 | D:2      | Killed Natasha
  1541 | D:2      | Reached XP level 5. HP: 47/49 MP: 4/4
  1976 | D:3      | Found an opulent altar of Gozag.
  2031 | D:3      | Found Zoty's General Store.
  2087 | D:3      | Found a blossoming altar of Fedhas.
  2669 | D:4      | Reached XP level 6. HP: 59/59 MP: 5/5
  2803 | D:4      | Reached skill level 5 in Shapeshifting
  2815 | D:4      | Identified the +7 dagger of Liutung {pain, Str+3 Dex+3
                  | Stlth+}
  3167 | D:5      | Entered Level 5 of the Dungeon
  3220 | D:5      | Reached XP level 7. HP: 59/67 MP: 6/6
  3249 | D:5      | Reached skill level 5 in Unarmed Combat
  3427 | D:5      | Noticed Eustachio
  3434 | D:5      | Reached skill level 6 in Shapeshifting
  3470 | D:5      | HP: 1/68 [gnoll/+0 spear (9)]
  3534 | D:5      | Killed Eustachio
  3535 | D:5      | Reached XP level 8. HP: 73/78 MP: 7/7
  3732 | D:5      | Found a glowing silver altar of Zin.
  3830 | D:5      | Found a staircase to the Ecumenical Temple.
  3836 | Temple   | Entered the Ecumenical Temple
  3845 | Temple   | Became a worshipper of Trog the Wrathful
  3895 | D:6      | Noticed Prince Ribbit
  3905 | D:6      | Killed Prince Ribbit
  3910 | D:6      | Reached skill level 7 in Shapeshifting
  4111 | D:6      | Found a sacrificial altar of Ru.
  4167 | D:6      | Reached XP level 9. HP: 87/87 MP: 8/8
  4477 | D:6      | Reached skill level 5 in Fighting
  4488 | D:6      | Found an ornate altar of the Wu Jian Council.
  4857 | D:7      | Reached skill level 8 in Shapeshifting
  5460 | D:7      | Found a hide-covered altar of Uskayaw.
  5563 | D:8      | Reached skill level 9 in Shapeshifting
  5568 | D:8      | Noticed a komodo dragon
  5575 | D:8      | Killed a komodo dragon
  5578 | D:8      | Reached * piety under Trog
  5643 | D:8      | Reached XP level 10. HP: 87/98 MP: 9/9
  5839 | D:8      | Found a glowing golden altar of the Shining One.
  5839 | D:8      | Found a shimmering blue altar of Sif Muna.
  6315 | D:9      | Gained mutation: You occasionally lose the ability to drink
                  | potions when taking damage. [a neqoxec]
  6346 | D:9      | Lost mutation: You occasionally lose the ability to drink
                  | potions when taking damage. [potion of mutation]
  6346 | D:9      | Gained mutation: You are frail. (-10% HP) [potion of
                  | mutation]
  6346 | D:9      | Gained mutation: Your system is resistant to poisons.
                  | (rPois) [potion of mutation]
  6373 | D:9      | Reached ** piety under Trog
  6454 | D:9      | Reached skill level 10 in Shapeshifting
  6564 | D:9      | Identified the +5 rapier of the Land of Plenty {flame, rF+
                  | rN+}
  6592 | D:9      | Found a sparkling altar of Nemelex Xobeh.
  6599 | D:9      | Found a radiant altar of Vehumet.
  6602 | D:9      | Found an iron altar of Okawaru.
  6602 | D:9      | Found a shimmering altar of Xom.
  6609 | D:9      | Found a snail-covered altar of Cheibriados.
  6660 | D:9      | Noticed Joseph
  6673 | D:9      | Killed Joseph
  6720 | D:9      | Noticed a two-headed ogre
  6744 | D:9      | Killed a two-headed ogre
  6975 | D:10     | Entered Level 10 of the Dungeon
  7098 | D:10     | Found a staircase to the Lair.
  7118 | D:10     | Reached XP level 11. HP: 35/98 MP: 10/10
  7550 | D:10     | Noticed Psyche
  7551 | D:10     | Noticed Nergalle
  7566 | D:10     | Killed Psyche
  7566 | D:10     | Reached *** piety under Trog
  7570 | D:10     | Killed Nergalle
  7854 | D:10     | Noticed Lodul
  7882 | D:10     | Reached skill level 11 in Shapeshifting
  7891 | D:10     | Killed Lodul
  8249 | D:11     | Found a staircase to the Orcish Mines.
  8695 | D:11     | Noticed a two-headed ogre
  8701 | D:11     | Killed a two-headed ogre
  8850 | Lair:1   | Entered Level 1 of the Lair of Beasts
  8950 | Lair:1   | Reached skill level 10 in Unarmed Combat
  9120 | Lair:1   | Noticed a catoblepas
  9126 | Lair:1   | Killed a catoblepas
  9486 | Lair:1   | Reached skill level 12 in Shapeshifting
  9741 | Lair:2   | Noticed an oklob plant
  9757 | Lair:2   | Killed an oklob plant
  9864 | Lair:2   | Reached XP level 12. HP: 109/109 MP: 11/11
  9884 | Lair:2   | Noticed a catoblepas
  9957 | Lair:2   | Killed a catoblepas
  9973 | Lair:2   | HP: 6/130 [bullfrog (5)]
 10178 | Lair:2   | Found a staircase to the Swamp.
 10178 | Lair:2   | Noticed a ghost crab
 10178 | Lair:2   | Noticed a ghost crab
 10468 | Lair:2   | Killed a ghost crab
 10614 | Lair:2   | Reached **** piety under Trog
 10650 | Lair:2   | Found a hole to the Spider Nest.
 11099 | Lair:2   | Killed a ghost crab
 11202 | Lair:3   | Noticed a boulder beetle
 11219 | Lair:3   | Killed a boulder beetle
 11220 | Lair:3   | Reached skill level 13 in Shapeshifting
 11344 | Lair:3   | Identified the +12 hand axe of the Endless Expanse {spect,
                  | rElec Will+ Int+4 Dex-2}
 11403 | Lair:3   | Noticed Fannar
 11434 | Lair:3   | Killed Fannar
 11655 | Lair:3   | Reached ***** piety under Trog
 11725 | Lair:3   | Reached XP level 13. HP: 117/117 MP: 12/12
 12114 | Lair:3   | Noticed Urug
 12127 | Lair:3   | Killed Urug
 12552 | Lair:4   | Reached skill level 14 in Shapeshifting
 12748 | Lair:4   | Found a viscous altar of Jiyva.
 12751 | Lair:4   | Reached skill level 10 in Fighting
 12760 | Lair:4   | Found a staircase to the Slime Pits.
 12780 | Lair:4   | Paralysed by a hornet for 1 turns
 12885 | Lair:4   | HP: 5/213 [skyshark (11)]
 12887 | Lair:4   | Slain by a skyshark

Illustrated notes

Levels and vault maps discovered:
D:1:      arrival_zaba_pyramid, layout_basic, serial_shops,
          nicolae_shop_rolling_square
D:2:      kennysheep_six_static_rooms, layout_loops_ring,
          shapermc_ecumenical_altar_notcrosses, uniq_robin, uniq_natasha
D:3:      layout_loops_corners, fedhas_altar_3,
          mainiacjoe_overflow_concentric_impassable, serial_shops, shop,
          minmay_rat_hole
D:4:      layout_loops_ring, dilly_guarded_unrand_morg
D:5:      layout_basic, zin_treasury, minmay_temple_entry_enclosed_plants,
          grunt_ministairs_15, uniq_eustachio
D:6:      layout_gridville, marbit_many_paths,
          mainiacjoe_overflow_six_doors_small, uniq_prince_ribbit1
D:7:      layout_basic, mainiacjoe_overflow_boulevard, st_stairs_1
D:8:      layout_cave_pools, gammafunk_temple_overflow_wave,
          nicolae_houndstooth_variations
D:9:      layout_roguey [special_room_kobold],
          nicolae_overflow_hallway_of_the_gods, uniq_joseph
D:10:     layout_irregular_city, erik_lair_orcish_takeover,
          minmay_variable_closet, uniq_lodul, uniq_nergalle, uniq_psyche
D:11:     layout_grid_maze, orc_0_dummy
Temple:   dpeg_three_leaves_temple
Lair:1:   layout_chaotic_city
Lair:2:   layout_hall_layers, nicolae_swamp_entry_spooky,
          hellmonk_spider_entry_not_the_bees, nicolae_lair_lindhole
Lair:3:   layout_loops_ring, serial_bayou_shore_b, infiniplex_staircase_pool_2,
          uniq_urug, uniq_fannar
Lair:4:   layout_regular_city, nicolae_slime_entry_field_trip,
          grunt_megastairs_5, serial_bayou_shore_a

Skill      XL: |  1  2  3  4  5  6  7  8  9 10 11 12 13 |
---------------+----------------------------------------+-----
Fighting       | 1 2 3 4 6 7 8 9 10 | 10.0
Shapeshifting  | 4 5 6 7 9 10 12 13 14 | 14.2
Unarmed Combat | 4 5 6 7 9 10 11 12 | 12.2
Dodging        | |  1.5

Action                     |  1- 3 |  4- 6 |  7- 9 | 10-12 | 13-15 || total
---------------------------+-------+-------+-------+-------+-------++-------
  Melee: Unarmed           |    74 |   152 |   203 |   544 |   114 ||  1087
         Punch             |       |       |     6 |    18 |       ||    24
         Constrict         |       |       |       |    64 |    23 ||    87
 Invoke: Berserk           |       |       |       |     1 |     1 ||     2
    Use: Scroll            |       |    11 |     2 |     6 |     1 ||    20
         Potion            |       |       |       |     7 |     1 ||     8
   Stab: Sleeping          |     3 |     5 |       |       |       ||     8
 Armour: Animal skin       |    25 |    47 |    42 |    24 |       ||   138
         Robe              |       |       |       |    30 |       ||    30
         Skin              |       |       |       |   101 |    31 ||   132
  Dodge: Dodged            |    36 |    76 |   136 |   327 |    42 ||   617
   Form: Blade             |       |       |     1 |       |       ||     1
         Anaconda          |       |       |       |     1 |       ||     1

Table legend: (Time is in decaauts)
 A = Elapsed time spent in this place.
 B = Non-inter-level travel time spent in this place.
 C = Inter-level travel time spent in this place.
 D = Time resting spent in this place.
 E = Time spent auto-exploring this place.
 F = Levels seen in this place.
 G = Mean time per level.
                   A        B        C        D        E       F      G
               +--------+--------+--------+--------+--------+-----+--------+
         Total |  12715 |  12110 |    605 |    310 |   9557 |  16 |  794.7 |
       Dungeon |   8731 |   8200 |    531 |     87 |   6643 |  11 |  793.7 |
        Temple |     18 |      2 |     16 |      0 |      0 |   1 |   18.0 |
          Lair |   3965 |   3907 |     58 |    223 |   2914 |   4 |  991.2 |
               +--------+--------+--------+--------+--------+-----+--------+

Top non-repeatable levels by time:
  Lair:2: 1269 daAuts
  Lair:3: 1096 daAuts
    D:10: 1075 daAuts
  Lair:1: 1031 daAuts
     D:6: 894 daAuts
     D:9: 847 daAuts
     D:4: 832 daAuts
     D:3: 813 daAuts
     D:2: 809 daAuts
    D:11: 763 daAuts
     D:1: 744 daAuts
     D:7: 718 daAuts
     D:5: 645 daAuts
     D:8: 587 daAuts
  Lair:4: 568 daAuts
